 Dungeon Crawl Stone Soup version 0.30.1 (webtiles) character file.

Game seed: 5605590391514400066

19073 necKro23 the Fighter (level 12, -8/84 HPs)
             Began as a Gargoyle Berserker on July 2, 2023.
             Was an Elder of Trog.
             Mangled by a very large slime creature (47 damage)
             ... on level 12 of the Dungeon on July 3, 2023.
             The game lasted 00:50:01 (10049 turns).

necKro23 the Fighter (Gargoyle Berserker)          Turns: 10049, Time: 00:50:02

Health: -8/84      AC: 24    Str: 26    XL:     12   Next: 65%
Magic:  12/12      EV: 10    Int:  8    God:    Trog [****..]
Gold:   629        SH:  0    Dex:  6    Spells: 11/11 levels left

rFire   . . .        b - +10 battleaxe of the Realm of Zot {freeze, rElec rPois Dex-3}
rCold   + . .        (shield currently unavailable)
rNeg    + . .        V - +0 chain mail {Will+}
rPois   ∞            H - +0 helmet
rElec   +            (no cloak)
rCorr   .            c - +0 pair of gloves
SInv    .            L - +0 pair of boots
Will    +....        l - amulet of regeneration
Stlth   x              - ring of protection from cold
HPRegen 1.14/turn    (no ring)
MPRegen 0.13/turn

%: no passive effects
@: no status effects
A: sickness immunity, AC +8, negative energy resistance 1, electricity
resistance, torment resistance 1, petrification resistance
a: Renounce Religion, Berserk, Trog's Hand, Brothers in Arms


You were on level 12 of the Dungeon.
You worshipped Trog.
Trog was greatly pleased with you.
You visited 2 branches of the dungeon, and saw 13 of its levels.

You collected 713 gold pieces.
You spent 84 gold pieces at shops.

Inventory:

Hand Weapons
 a - a +0 broad axe
 b - the +10 battleaxe of the Realm of Zot (weapon) {freeze, rElec rPois Dex-3}
   (You found it on level 11 of the Dungeon)

   Dex:       It affects your dexterity (-3).
   rElec:     It insulates you from electricity.
   rPois:     It protects you from poison.
Missiles
 C - 8 javelins (quivered)
Armour
 c - a +0 pair of gloves (worn)
 H - a +0 helmet (worn)
 L - a +0 pair of boots (worn)
 P - a +0 buckler
 U - a +0 plate armour
 V - a +0 chain mail of willpower (worn)
Jewellery
 l - an amulet of regeneration (around neck)
 x - a ring of protection from cold (left hand)
 M - a ring of ice
 T - a ring of ice
Wands
 p - a wand of charming (12)
 y - a wand of acid (3)
 A - a wand of mindburst (8)
 J - a wand of polymorph (13)
 N - a wand of iceblast (15)
 S - a wand of flame (12)
Scrolls
 d - 2 scrolls of vulnerability {unknown}
 e - 11 scrolls of identify
 j - 4 scrolls of teleportation {unknown}
 k - a scroll of blinking {unknown}
 n - a scroll of fear {unknown}
 o - 3 scrolls of enchant armour {unknown}
 q - a scroll of brand weapon {unknown}
 s - a scroll of silence {unknown}
 u - a scroll of fog {unknown}
 v - 2 scrolls of enchant weapon {unknown}
 F - 2 scrolls of torment {unknown}
 K - 3 scrolls of noise {unknown}
 R - a scroll of poison {unknown}
Potions
 f - 3 potions of haste {unknown}
 g - 4 potions of mutation {unknown}
 h - 12 potions of degeneration
 i - 3 potions of heal wounds {unknown}
 m - 3 potions of invisibility {unknown}
 r - 3 potions of brilliance {unknown}
 t - 2 potions of resistance {unknown}
 w - a potion of ambrosia {unknown}
 z - 3 potions of curing {unknown}
 B - 2 potions of might
 D - 2 potions of flight {unknown}
 I - 4 potions of berserk rage {unknown}
 O - 3 potions of lignification {unknown}
 Q - a potion of attraction {unknown}


   Skills:
 * Level 13.4 Fighting
 * Level 11.4 Axes
 + Level 9.5 Armour
 + Level 7.2 Dodging


You had 11 spell levels left.
You didn't know any spells.
Your spell library contained the following spells:

 Spells                   Type           Power      Damage    Failure   Level
 Beastly Appendage        Tmut           0%         N/A       86%         1
 Kiss of Death            Conj/Necr      0%         2d5       86%         1
 Slow                     Hex            0%         N/A       86%         1
 Wereblood                Tmut           0%         N/A       95%         2
 Confusing Touch          Hex            0%         N/A       99%         3
 Inner Flame              Hex/Fire       0%         N/A       99%         3
 Ozocubu's Armour         Ice            0%         N/A       99%         3
 Spider Form              Tmut/Pois      0%         N/A       99%         3
 Vampiric Draining        Necr           0%         2d6       99%         3
 Dispel Undead            Necr           0%         3d6       100%        4
 Fireball                 Conj/Fire      0%         3d3       100%        5
 Metabolic Englaciation   Hex/Ice        0%         N/A       100%        5
 Yara's Violent Unravell  Hex/Tmut       0%         3d3       100%        5
 Simulacrum               Ice/Necr       0%         N/A       100%        6
 Enfeeble                 Hex            0%         N/A       100%        7
 Ozocubu's Refrigeration  Ice            0%         4d7       100%        7
 Death's Door             Necr           0%         N/A       100%        9


Dungeon Overview and Level Annotations

Branches:
Dungeon (12/15)            Temple (1/1) D:7            Lair (0/5) D:10
    Orc (0/2) D:10

Altars:
Ashenzari
Cheibriados
Dithmenos
Elyvilon
Fedhas
Gozag
Hepliaklqana
Kikubaaqudgha
Makhleb
Nemelex Xobeh
Okawaru
Qazlal
Ru
Sif Muna
Trog
Uskayaw
Vehumet
Wu Jian
Xom
Yredelemnul
Zin
The Shining One

Shops:
D:4 ?   D:6 =   D:7 *

Annotations:
D:5 1 runed translucent door, Crazy Yiuf


Innate Abilities, Weirdness & Mutations

You are immune to sickness and miasma.
Your stone body is resilient. (AC +8)
You are immune to poison.
You resist negative energy. (rN+)
You are resistant to electric shocks. (rElec)
You are resistant to unholy torment.
You are immune to petrification.


Message History

The slime creature attacks as you move away!
The slime creature hits you.
The slime creature attacks as you move away!
The slime creature hits you but does no damage.
You see here 4 stones.
A slime creature comes into view.
You barely miss the slime creature.
The slime creature quivers. x2
Two slime creatures merge to form a large slime creature.
The slime creature hits you but does no damage.
The slime creature quivers.
You hit the slime creature. You freeze the slime creature.
The slime creature is lightly wounded.
Two slime creatures merge to form a large slime creature.
You barely miss the large slime creature.
The large slime creature is lightly wounded.
The large slime creature hits you!!
The large slime creature attacks as you move away!
The large slime creature hits you!
The large slime creature attacks as you move away!
The large slime creature hits you but does no damage.
Your ogre goes berserk!
A large slime creature splits.
You swap places.
Your ogre hits the slime creature with a +0 giant club!!!
The slime creature hits your ogre!! The slime creature hits you!
You slice the slime creature!! You freeze the slime creature!
The slime creature is severely wounded.
Your ogre completely misses the slime creature.
The slime creature hits your ogre!! The slime creature hits you.
You cut the slime creature into ribbons!!!
You freeze the slime creature.
You kill the slime creature!
Trog accepts your kill.
Your ogre hits the slime creature with a +0 giant club.
Two slime creatures merge to form a very large slime creature.
Your ogre barely misses the very large slime creature.
The very large slime creature hits you!!!
Ouch! That really hurt!
You die...

. ######### ...
##########.......
.....####..(.JJO....##..
...$J.....#####@....##.#
......#...# #.....##.#
.##.#...#..# ##.#.....[#
# #..###..##..#.########
...# #....##.## #.. ...#
##..##...# #..# #..#
##....#)# ... #...#
##...###.##.# #..#
##...####....#


You could see a very large slime creature (ally target), a slime creature and a
friendly ogre (summoned, berserk).

Vanquished Creatures
  A boulder beetle (D:12)
  3 death yaks (D:10)
  5 two-headed ogres
  Pikel (D:5)
  A manticore (D:11)
  A cyclops (D:12)
  A gargoyle (D:12)
  A freezing wraith (D:12)
  2 rime drakes (D:12)
  A komodo dragon (D:11)
  A kobold demonologist (D:10)
  3 polar bears
  2 trolls
  Grinder (D:4)
  Prince Ribbit (D:5)
  A slime creature (D:12)
  A centaur simulacrum (D:11)
  2 wraiths
  14 yaks
  A steam dragon (D:8)
  2 vampire mosquitoes (D:12)
  A redback simulacrum (D:11)
  Menkaure (D:4)
  Edmund (D:4)
  Duvessa (D:4)
  An acid dragon (D:9)
  2 water moccasins (D:7)
  3 ice beasts (D:7)
  6 orc warriors
  3 black bears
  A swamp drake (D:10)
  2 ogres
  4 centaurs
  2 lemures (D:5)
  Blork the orc (D:5)
  A gnoll sergeant (D:9)
  3 bullfrogs
  5 scorpions
  7 wights
  Dowan (D:4)
  9 killer bees
  A howler monkey (D:7)
  3 jellies
  4 hounds
  4 sleepcaps (D:5)
  2 gnoll boudas
  7 orc priests
  4 iguanas
  10 orc wizards
  A hell rat (D:10)
  16 gnolls
  3 river rats (D:10)
  6 adders
  8 worms
  5 dart slugs
  36 orcs
  12 ball pythons
  10 endoplasms
  2 giant cockroaches
  5 hobgoblins
  9 kobolds
  6 quokkas
  10 bats
  7 frilled lizards
  10 goblins
  8 rats
290 creatures vanquished.

Vanquished Creatures (collateral kills)
  Erolcha (D:9)
  Amaemon (D:9)
  An orange demon (D:9)
  3 wights (D:9)
6 creatures vanquished.

Vanquished Creatures (others)
  2 kobold brigands (D:7)
  A bullfrog (D:7)
  A howler monkey (D:7)
  A river rat (D:10)
5 creatures vanquished.

Grand Total: 301 creatures vanquished

Notes
Turn   | Place    | Note
-------+----------+-------------------------------------------
     0 | D:1      | necKro23 the Gargoyle Berserker began the quest for the
                  | Orb.
     0 | D:1      | Reached XP level 1. HP: 14/14 MP: 1/1
    85 | D:1      | Reached XP level 2. HP: 19/19 MP: 2/2
   337 | D:1      | Reached XP level 3. HP: 20/24 MP: 3/3
   917 | D:2      | Reached skill level 4 in Fighting
   976 | D:2      | Reached ** piety under Trog
   979 | D:2      | Reached XP level 4. HP: 29/29 MP: 4/4
   982 | D:2      | Found a glowing golden altar of the Shining One.
  1000 | D:2      | Found the +5 robe of Misfortune {Harm *Corrode *Slow EV+5}
  1767 | D:3      | Reached XP level 5. HP: 34/34 MP: 5/5
  1974 | D:3      | Found an iron altar of Okawaru.
  2588 | D:4      | Noticed Menkaure
  2603 | D:4      | Killed Menkaure
  2604 | D:4      | Reached skill level 5 in Fighting
  2604 | D:4      | Reached XP level 6. HP: 40/40 MP: 6/6
  2651 | D:4      | Noticed a black bear
  2663 | D:4      | Killed a black bear
  2665 | D:4      | Reached *** piety under Trog
  2701 | D:4      | Reached XP level 7. HP: 45/45 MP: 7/7
  2708 | D:4      | Noticed Edmund
  2722 | D:4      | Killed Edmund
  2773 | D:4      | Noticed Dowan
  2774 | D:4      | Noticed Duvessa
  2781 | D:4      | Killed Dowan
  2782 | D:4      | Reached skill level 6 in Fighting
  2782 | D:4      | Reached skill level 5 in Axes
  2790 | D:4      | Killed Duvessa
  2841 | D:4      | Found Coel's Magic Scroll Shoppe.
  2841 | D:4      | Noticed Grinder
  2841 | D:4      | Paralysed by Grinder for 4 turns
  2856 | D:4      | Reached XP level 8. HP: 36/52 MP: 8/8
  2858 | D:4      | Paralysed by Grinder for 3 turns
  2873 | D:4      | Killed Grinder
  2889 | D:4      | Bought a scroll of amnesia for 56 gold pieces
  2889 | D:4      | Bought a scroll of identify for 28 gold pieces
  2997 | D:4      | Identified the +1 robe "Gablausi" {rF+}
  3207 | D:5      | Entered Level 5 of the Dungeon
  3241 | D:5      | Reached skill level 7 in Fighting
  3383 | D:5      | Reached skill level 5 in Armour
  3496 | D:5      | Noticed Prince Ribbit
  3532 | D:5      | Killed Prince Ribbit
  3533 | D:5      | Reached XP level 9. HP: 59/59 MP: 9/9
  3696 | D:5      | Noticed Blork the orc
  3713 | D:5      | Killed Blork the orc
  3714 | D:5      | Reached skill level 8 in Fighting
  3808 | D:5      | Found a runed translucent door.
  3809 | D:5      | Noticed Crazy Yiuf
  3925 | D:5      | Reached **** piety under Trog
  4145 | D:6      | Noticed Pikel
  4161 | D:5      | Killed Pikel
  4162 | D:5      | Reached skill level 9 in Fighting
  4247 | D:6      | Reached XP level 10. HP: 66/66 MP: 10/10
  4454 | D:6      | Found Homn's One-of-a-Kind Rings.
  4689 | D:7      | Found an ornate altar of the Wu Jian Council.
  4705 | D:7      | Found a snail-covered altar of Cheibriados.
  4761 | D:7      | Reached skill level 5 in Dodging
  4775 | D:7      | Found a glowing silver altar of Zin.
  4849 | D:7      | Found Toud's Assorted Antiques.
  5000 | D:7      | Found a shimmering altar of Xom.
  5011 | D:7      | Found a staircase to the Ecumenical Temple.
  5070 | Temple   | Entered the Ecumenical Temple
  5391 | D:7      | Reached skill level 10 in Fighting
  5707 | D:8      | Found a glowing golden altar of the Shining One.
  5734 | D:8      | Found a sacrificial altar of Ru.
  5734 | D:8      | Found a hide-covered altar of Uskayaw.
  5850 | D:8      | Noticed a two-headed ogre
  5863 | D:8      | Killed a two-headed ogre
  5936 | D:8      | Found a sparkling altar of Nemelex Xobeh.
  6656 | D:9      | Found a burning altar of Makhleb.
  6727 | D:8      | Reached XP level 11. HP: 23/73 MP: 11/11
  6869 | D:9      | Noticed Amaemon
  6903 | D:9      | Killed Amaemon
  6904 | D:9      | Reached skill level 11 in Fighting
  6954 | D:9      | Noticed a two-headed ogre
  6982 | D:10     | Entered Level 10 of the Dungeon
  7030 | D:9      | Killed a two-headed ogre
  7199 | D:9      | Noticed a two-headed ogre
  7221 | D:9      | Killed a two-headed ogre
  7306 | D:9      | Got the Collected Works on the Catacomb and Pyromancy
  7607 | D:9      | Noticed a two-headed ogre
  7618 | D:9      | Killed a two-headed ogre
  7666 | D:9      | Noticed Erolcha
  7670 | D:9      | Killed Erolcha
  7671 | D:9      | Reached skill level 10 in Axes
  7925 | D:10     | Noticed a death yak
  7964 | D:10     | Killed a death yak
  7965 | D:10     | Reached skill level 12 in Fighting
  8017 | D:10     | Found a hazy altar of Hepliaklqana.
  8017 | D:10     | Noticed a two-headed ogre
  8026 | D:10     | Killed a two-headed ogre
  8111 | D:10     | Noticed a death yak
  8123 | D:10     | Noticed a death yak
  8127 | D:10     | Killed a death yak
  8134 | D:10     | Killed a death yak
  8150 | D:10     | Found a staircase to the Lair.
  8216 | D:10     | Reached XP level 12. HP: 82/82 MP: 12/12
  8244 | D:10     | Noticed a sun demon
  8360 | D:10     | Found a staircase to the Orcish Mines.
  9107 | D:12     | Reached skill level 13 in Fighting
  9158 | D:11     | Got the +10 battleaxe of the Realm of Zot {freeze, rElec
                  | rPois Dex-3}
  9883 | D:12     | Noticed a boulder beetle
  9913 | D:12     | Killed a boulder beetle
  9994 | D:12     | Identified the +11 mace of Qobuoben {freeze, rElec Dex+3}
 10049 | D:12     | Mangled by a very large slime creature

Illustrated notes

Levels and vault maps discovered:
D:1:      matt_arrival_los_fun, layout_basic
D:2:      layout_loops_ring, basic_altar
D:3:      layout_basic, mainiacjoe_overflow_surrounded_room,
          kennysheep_generic_room_16
D:4:      layout_rooms, minmay_misc_feat_chi, kennysheep_small_circle,
          uniq_grinder, uniq_edmund, uniq_menkaure, uniq_duvessa
D:5:      layout_gridville, uniq_crazy_yiuf_cottage, uniq_blork_the_orc,
          uniq_prince_ribbit1
D:6:      layout_cave_pools, nicolae_shop_unique_rings, uniq_pikel
D:7:      layout_loops_ring, xom_confusion_cloud,
          mainiacjoe_overflow_catwalk_spiral,
          mainiacjoe_overflow_six_doors_small, minmay_temple_entry_offerings,
          serial_shops, nicolae_shop_behind_doors
D:8:      layout_basic, mainiacjoe_overflow_concentric_impassable,
          old_standard_altar, gammafunk_temple_overflow_statue
D:9:      layout_gridville, mainiacjoe_overflow_boulevard, uniq_amaemon,
          uniq_erolcha
D:10:     layout_roguey, mainiacjoe_overflow_24_doors, dpeg_lair_monsters,
          erik_orc_1
D:11:     minmay_coctagon, layout_loops_ring, minmay_misc_feat_nine_boxes,
          grunt_decor_cap
D:12:     layout_rooms, small_chamber_with_monster, abandoned_shop,
          nemelex_diamond_rough_becter
Temple:   jpeg_temple_clearing

Skill      XL: |  1  2  3  4  5  6  7  8  9 10 11 12 |
---------------+-------------------------------------+-----
Axes           | 3 4 5 6 7 9 10 11 | 11.4
Dodging        | 2 3 4 5 6 7 |  7.2
Fighting       | 4 5 6 7 9 10 12 13 | 13.4
Armour         | 3 4 5 6 7 8 9 |  9.5

Action                     |  1- 3 |  4- 6 |  7- 9 | 10-12 || total
---------------------------+-------+-------+-------+-------++-------
  Melee: Hand axe          |   112 |    74 |       |       ||   186
         Punch             |     2 |       |     5 |     2 ||     9
         Broad axe         |       |    77 |   222 |   554 ||   853
         Battleaxe         |       |       |       |    62 ||    62
 Invoke: Berserk           |       |     2 |     6 |     4 ||    12
         Trog's Hand       |       |     1 |     1 |     1 ||     3
         Brothers in Arms  |       |       |       |     5 ||     5
  Evoke: Wand              |       |     1 |       |     1 ||     2
 Armour: Animal skin       |    25 |       |       |       ||    25
         Chain mail        |    39 |   124 |   170 |   467 ||   800
  Dodge: Dodged            |    55 |   107 |   127 |   395 ||   684
  Block: Buckler           |       |       |       |    39 ||    39
